 Dungeon Crawl Stone Soup version 0.23-a0-565-g3e74e4c (webtiles) character file.

7326 MalarOregon the Spear-Bearer (level 11, -13/83 HPs)
             Began as a Merfolk Transmuter on Dec 13, 2018.
             Was a Priest of Qazlal.
             Mangled by Snorg (16 damage)
             ... on level 11 of the Dungeon.
             The game lasted 00:30:22 (10956 turns).

MalarOregon the Spear-Bearer (Merfolk Transmuter)  Turns: 10956, Time: 00:30:22

Health: -13/83     AC: 12    Str: 13    XL:     11   Next: 13%
Magic:  11/15      EV: 14    Int: 19    God:    Qazlal [***...]
Gold:   426        SH:  3    Dex: 14    Spells: 1/16 levels left

rFire    . . .     SeeInvis .   P - +1 trident (pierce)
rCold    . . .     Gourm    .   (no shield)
rNeg     . . .     Faith    .   w - +1 ring mail "Niammisch" {rPois} (curse)
rPois    +         Spirit   .   v - +0 helmet
rElec    .         Reflect  .   (no cloak)
rCorr    +         Harm     .   D - +2 pair of gloves "Ciebayqi" {Regen+ rCorr Int+5}
MR       +....                  n - +0 pair of boots
Stlth    +.........             (no amulet)
HPRegen  0.63/turn              l - ring of protection from magic
MPRegen  0.14/turn              h - +2 ring of slaying

@: berserk cooldown, very slightly contaminated, slowed, very slow
A: change form in water, swift swim, stealthy swim
a: Upheaval, Elemental Force, Renounce Religion


You were on level 11 of the Dungeon.
You worshipped Qazlal.
Qazlal was most pleased with you.
You were not hungry.

You visited 2 branches of the dungeon, and saw 12 of its levels.

You collected 686 gold pieces.
You spent 260 gold pieces at shops.

Inventory:

Hand Weapons
 P - a +1 trident of piercing (weapon)
   (You found it on level 11 of the Dungeon)
Missiles
 K - 168 arrows
Armour
 n - a +0 pair of boots (worn)
   (You found it on level 2 of the Dungeon)
 s - a +0 cloak
   (You took it off Maurice on level 8 of the Dungeon)
 v - a +0 helmet (worn)
   (You found it on level 5 of the Dungeon)
 w - the cursed +1 ring mail "Niammisch" (worn) {rPois}
   (You found it on level 7 of the Dungeon)

   It protects you from poison.
   It has a curse placed upon it.
 D - the +2 pair of gloves "Ciebayqi" (worn) {Regen+ rCorr Int+5}
   (You found it on level 7 of the Dungeon)

   It affects your intelligence (+5).
   It increases your rate of regeneration.
   It provides partial protection from all sources of acid and corrosion.
Jewellery
 h - a +2 ring of slaying (right hand)
   (You found it on level 2 of the Dungeon)
 i - an uncursed ring of protection from fire
   (You found it on level 1 of the Dungeon)
 k - a +1 ring of evasion
   (You found it on level 5 of the Dungeon)
 l - a ring of protection from magic (left hand)
   (You found it on level 7 of the Dungeon)
 q - an uncursed amulet of the gourmand {unknown}
   (You found it on level 9 of the Dungeon)
 y - an uncursed ring of flight
   (You found it on level 7 of the Dungeon)
Wands
 c - a wand of disintegration (18)
   (You found it on level 11 of the Dungeon)
 d - a wand of iceblast (9)
   (You found it on level 4 of the Dungeon)
 u - a wand of paralysis (5)
   (You took it off Maurice on level 8 of the Dungeon)
 x - a wand of acid (7)
   (You found it on level 5 of the Dungeon)
 M - a wand of polymorph (6)
   (You found it on level 9 of the Dungeon)
Scrolls
 m - 3 scrolls of magic mapping
 o - a scroll of random uselessness {unknown}
 p - 3 scrolls of teleportation {@r4}
 t - 5 scrolls of remove curse {@r2}
 H - 2 scrolls of enchant armour {unknown}
 J - 2 scrolls of amnesia
 L - a scroll of fog
 O - a scroll of torment {unknown}
 Q - 6 scrolls of identify {@r1}
Potions
 a - a potion of brilliance {unknown}
 b - a potion of mutation {unknown}
 f - 3 potions of agility
 g - 3 potions of haste {@q3}
 j - 3 potions of curing {@q1}
 r - 3 potions of berserk rage
 z - 2 potions of cancellation
 A - a potion of flight
 B - a potion of magic
 C - a potion of might
 E - a potion of lignification {!q}
 F - 2 potions of ambrosia
 G - 2 potions of resistance
 I - a potion of heal wounds {@q2}
Comestibles
 e - 19 rations {!d}


   Skills:
 + Level 6.4 Fighting
 + Level 9.1 Polearms
 * Level 5.4 Armour
 - Level 7.0 Dodging
 + Level 6.0 Unarmed Combat
 - Level 3.0 Spellcasting
 + Level 1.2 Hexes
 - Level 8.0 Transmutations
 + Level 4.0 Ice Magic
 - Level 5.0 Poison Magic
 + Level 3.8 Invocations
 + Level 3.4 Evocations


You had one spell level left.
You knew the following spells:

 Your Spells              Type           Power        Failure   Level  Hunger
a - Confusing Touch       Hex            #.....       19%         1    None
b - Blade Hands           Tmut           ####......   30%         5    ######.
c - Ice Form              Ice/Tmut       ####....     26%         4    ####...
s - Sticks to Snakes      Tmut           ####....     1%          2    ##.....
x - Spider Form           Tmut/Pois      ####......   6%          3    ###....

Your spell library contained the following spells:

 Spells                   Type           Power        Failure   Level  Hunger
 Beastly Appendage        Tmut           ####..       1%          1    None
 Corona                   Hex            #......      19%         1    None
 Animate Skeleton         Necr           N/A          30%         1    None
 Pain                     Necr           #...         30%         1    None
 Summon Small Mammal      Summ           #...         30%         1    None
 Ensorcelled Hibernation  Hex/Ice        ##....       16%         2    ##.....
 Call Imp                 Summ           #.......     41%         2    ##.....
 Confuse                  Hex            #.......     50%         3    ###....
 Tukima's Dance           Hex            #.......     50%         3    ###....
 Petrify                  Tmut/Erth      ###.....     50%         4    ####...
 Dazzling Spray           Conj/Hex       #.....       56%         3    ###....
 Summon Guardian Golem    Hex/Summ       #.......     56%         3    ###....
 Call Canine Familiar     Summ           #.......     65%         3    ###....
 Gell's Gravitas          Tloc           #.........   65%         3    ###....
 Regeneration             Chrm/Necr      #.........   65%         3    ###....
 Vampiric Draining        Necr           #.........   65%         3    ###....
 Yara's Violent Unravell  Hex/Tmut       ###.......   77%         5    ######.
 Summon Ice Beast         Ice/Summ       ##......     78%         4    ####...
 Animate Dead             Necr           N/A          96%         4    ####...
 Summon Lightning Spire   Summ/Air       #.......     96%         4    ####...
 Metabolic Englaciation   Hex/Ice        ##........   96%         5    ######.


Dungeon Overview and Level Annotations

Branches:
Dungeon (11/15)            Temple (1/1) D:4
   Lair: D:8-11         Orc: D:9-12

Altars:
Ashenzari
Cheibriados
Dithmenos
Elyvilon
Fedhas
Gozag
Hepliaklqana
Kikubaaqudgha
Makhleb
Nemelex Xobeh
Okawaru
Qazlal
Ru
Sif Muna
Trog
Uskayaw
Vehumet
Wu Jian
Xom
Yredelemnul
Zin
The Shining One

Shops:
D:3 *   D:6 }   D:7 ?   D:8 =?   D:10 :

Annotations:
D:11 Snorg


Message History

Your ball python bites the bullfrog.
Your ball python constricts the bullfrog.
Your ball python bites the bullfrog.
Snorg is engulfed in freezing vapours.
Aim: Snorg (lightly wounded, berserk, fast, unusually strong, chance to defeat
Okay, then.
The bullfrog hits your ball python.
Your ball python misses Snorg.
Your ball python bites the bullfrog.
Your ball python constricts the bullfrog.
Your ball python bites the bullfrog.
A red film seems to cover your vision as you go berserk!
You feel yourself moving faster!
You feel mighty!
The bullfrog closely misses your ball python.
Snorg closely misses you. Snorg claws you!
* * * LOW HITPOINT WARNING * * *
Snorg closely misses you.
Your ball python bites the bullfrog.
Your ball python constricts the bullfrog.
Your ball python bites the bullfrog.
The bullfrog misses your ball python. Snorg closely misses you.
Snorg claws you!
* * * LOW HITPOINT WARNING * * *
Snorg claws you!
* * * LOW HITPOINT WARNING * * *
You puncture Snorg!
Your ball python bites Snorg.
Your ball python bites the bullfrog.
Your ball python constricts the bullfrog.
Your ball python bites the bullfrog.
The bullfrog misses your ball python.
You catch the helpless Snorg completely off-guard!
You puncture Snorg! Snorg bites you!
* * * LOW HITPOINT WARNING * * *
Snorg misses you. Snorg claws you but does no damage.
Your ball python bites the bullfrog.
Your ball python constricts the bullfrog.
Your ball python barely misses Snorg.
Your ball python bites the bullfrog.
The bullfrog dies!
Qazlal accepts your kill.
Your ball python looks stronger.
Unknown command.
You closely miss Snorg. Snorg closely misses you. Snorg barely misses you.
Snorg claws you!
* * * LOW HITPOINT WARNING * * *
Unknown command.
You are too berserk!
You feel a strong urge to attack something.
You feel your anger nearly subside.
You are no longer berserk.
You are exhausted.
You feel yourself slow down.
Snorg rages.
As you read the scroll labeled OSAITT QOVA, it crumbles to dust.
The scroll dissolves into smoke.
It was a scroll of fog.
Snorg barely misses you. Snorg claws you!
You die...

#.#.....####
#)#.....# # #
#.#.#.######.#...
#.#.#.#........#.
#.#..............
#.####..####.##.#
#.# #..#
#.####§§####.#
#....§@§.....#
######T§######
#S§######
#..##... ##
#.S##.###...#
#..S..S...#
#.###S###...# #.#
#......## #.#
##.....#


You could see Snorg (berserk) and 3 friendly ball pythons.

Vanquished Creatures
  2 two-headed ogres
  An unseen horror (D:10)
  Pikel (D:6)
  Maurice (D:8)
  Grinder (D:5)
  A hippogriff (D:10)
  A spriggan (D:7)
  2 hungry ghosts
  A steam dragon (D:11)
  Menkaure (D:5)
  Edmund (D:6)
  A water moccasin (D:7)
  3 sky beasts
  An orc warrior (D:10)
  A black bear (D:7)
  6 phantoms
  2 ogres
  2 crocodiles
  2 big kobolds
  11 bullfrogs
  2 scorpions (D:4)
  3 wights (D:10)
  A howler monkey (D:5)
  An electric eel (D:9)
  A crimson imp (D:5)
  A quasit (D:10)
  2 bullfrog skeletons
  A jelly (D:8)
  5 orc priests
  4 worker ants
  3 iguanas
  10 orc wizards
  2 hound skeletons (D:8)
  2 hound zombies
  2 howler monkey zombies
  A worker ant zombie (D:9)
  8 gnolls
  8 adders
  4 shadow imps
  An adder skeleton (D:4)
  3 worms
  A dart slug (D:1)
  5 leopard geckos
  37 orcs
  2 giant cockroaches
  5 goblins
  4 hobgoblins (D:1)
  15 jackals
  4 quokkas
  2 ball pythons
  7 bats
  5 frilled lizards
  18 kobolds
  A quokka skeleton (D:4)
  7 rats
220 creatures vanquished.

Vanquished Creatures (collateral kills)
  A bullfrog (D:11)
  A kobold (D:11)
2 creatures vanquished.

Vanquished Creatures (others)
  A bullfrog (D:6)
  A hound (D:6)
  A jackal (D:6)
3 creatures vanquished.

Grand Total: 225 creatures vanquished

Notes
Turn   | Place    | Note
-------+----------+-------------------------------------------
     0 | D:1      | MalarOregon the Merfolk Transmuter began the quest for the
                  | Orb.
     0 | D:1      | Reached XP level 1. HP: 15/15 MP: 3/3
   194 | D:1      | Reached XP level 2. HP: 13/21 MP: 3/5
   463 | D:1      | Learned a level 2 spell: Sticks to Snakes
   902 | D:1      | Reached XP level 3. HP: 12/26 MP: 4/6
  1109 | D:1      | Learned a level 3 spell: Spider Form
  1955 | D:3      | Reached XP level 4. HP: 26/33 MP: 3/7
  2052 | D:3      | Reached skill level 1 in Poison Magic
  2311 | D:3      | Reached skill level 1 in Armour
  2311 | D:3      | Reached XP level 5. HP: 37/38 MP: 8/8
  2319 | D:3      | Found a stormy altar of Qazlal.
  2395 | D:3      | Reached skill level 1 in Polearms
  2495 | D:3      | Found an opulent altar of Gozag.
  2503 | D:3      | Found Gozag's Platinum Reserve.
  2672 | D:3      | Became a worshipper of Qazlal Stormbringer
  2813 | D:4      | Found the +6 lightning scales {run, rElec}
  2843 | D:4      | Noticed a phantom
  2876 | D:4      | Killed a phantom
  2876 | D:4      | Reached skill level 2 in Polearms
  2876 | D:4      | Reached XP level 6. HP: 5/46 MP: 8/10
  3249 | D:4      | Found a burning altar of Makhleb.
  3253 | D:4      | Found a hazy altar of Hepliaklqana.
  3316 | D:4      | Found a staircase to the Ecumenical Temple.
  3391 | D:4      | Reached skill level 3 in Polearms
  3858 | D:4      | Reached XP level 7. HP: 30/51 MP: 7/11
  4016 | D:4      | Reached skill level 4 in Polearms
  4250 | D:5      | Entered Level 5 of the Dungeon
  4250 | D:5      | Noticed Grinder
  4253 | D:5      | Paralysed by Grinder for 4 turns
  4267 | D:5      | Killed Grinder
  4280 | Temple   | Entered the Ecumenical Temple
  4558 | D:5      | Reached * piety under Qazlal
  4740 | D:4      | Reached skill level 5 in Polearms
  5007 | D:5      | Noticed Menkaure
  5016 | D:5      | Killed Menkaure
  5016 | D:5      | Reached XP level 8. HP: 29/58 MP: 9/12
  5085 | D:4      | HP: 2/59 [something/magic dart (5)]
  5905 | D:6      | Reached skill level 5 in Transmutations
  5936 | D:6      | Noticed Edmund
  5939 | D:6      | Reached skill level 6 in Polearms
  5939 | D:6      | Reached skill level 5 in Dodging
  5953 | D:6      | Killed Edmund
  5964 | D:6      | Reached skill level 5 in Unarmed Combat
  5993 | D:6      | Found Siffyun's Gadget Shoppe.
  6089 | D:6      | Reached skill level 7 in Polearms
  6257 | D:6      | Noticed Pikel
  6268 | D:6      | Killed Pikel
  6268 | D:6      | Reached XP level 9. HP: 48/66 MP: 10/13
  6406 | D:6      | Reached skill level 8 in Polearms
  6711 | D:6      | Reached skill level 5 in Fighting
  7434 | D:7      | Found Leaqips's Magic Scroll Shop.
  7533 | D:7      | Reached skill level 5 in Poison Magic
  7545 | D:7      | Learned a level 4 spell: Ice Form
  7766 | D:7      | Reached ** piety under Qazlal
  7894 | D:7      | Got a pair of transparent gloves
  7905 | D:7      | Identified the +2 pair of gloves "Ciebayqi" {Regen+ rCorr
                  | Int+5} (You found it on level 7 of the Dungeon)
  7932 | D:7      | Got a pearl-encrusted ring mail
  7953 | D:7      | Identified the cursed +1 ring mail "Niammisch" {rPois} (You
                  | found it on level 7 of the Dungeon)
  8047 | D:7      | Found a sacrificial altar of Ru.
  8317 | D:8      | Found Laar's Jewellery Shop.
  8364 | D:8      | Reached skill level 1 in Ice Magic
  8377 | D:8      | Noticed Maurice
  8379 | D:8      | Reached skill level 1 in Invocations
  8379 | D:8      | Reached skill level 1 in Evocations
  8391 | D:8      | Paralysed by Maurice for 2 turns
  8400 | D:8      | Killed Maurice
  8400 | D:8      | Reached XP level 10. HP: 71/74 MP: 14/14
  8429 | D:8      | Found Hidu's Magic Scroll Shoppe.
  8625 | D:8      | Learned a level 5 spell: Blade Hands
  8871 | D:8      | Found a blossoming altar of Fedhas.
  8871 | D:8      | Found a deep blue altar of Sif Muna.
  9617 | D:10     | Entered Level 10 of the Dungeon
  9820 | D:10     | Killed an unseen horror
  9967 | D:10     | Noticed a two-headed ogre
  9982 | D:10     | Killed a two-headed ogre
  9982 | D:10     | Reached skill level 5 in Armour
 10205 | D:10     | Found Feney's Book Shoppe.
 10209 | D:10     | Bought a book of Misfortune for 260 gold pieces
 10211 | D:10     | Learned a level 1 spell: Confusing Touch
 10640 | D:11     | Noticed a two-headed ogre
 10703 | D:11     | Killed a two-headed ogre
 10703 | D:11     | Reached skill level 9 in Polearms
 10703 | D:11     | Reached XP level 11. HP: 42/83 MP: 8/15
 10721 | D:11     | Reached skill level 1 in Hexes
 10725 | D:11     | Reached *** piety under Qazlal
 10938 | D:11     | Noticed Snorg
 10951 | D:11     | HP: 2/124 [Snorg (7)]
 10956 | D:11     | Mangled by Snorg

Vault maps used:
D:1:      eino_arrival_water_star
D:3:      grunt_qazlal_sundering, nicolae_gozag_zags_fifth_avenue
D:4:      grunt_temple_overflow_open, minmay_temple_entry_wispy, first_ration
D:5:      uniq_menkaure, uniq_grinder
D:6:      serial_shops, shop_fountains, uniq_pikel, uniq_edmund
D:7:      nicolae_ru_path_of_blood, serial_shops,
          nicolae_shop_temple_entry_statues_fountains, the_bakery
D:8:      minitemple, serial_shops, nicolae_shop_temple_entry_statues_fountains,
          shop, uniq_maurice
D:10:     serial_shops, shop_fountains
D:11:     david_lair_generic, uniq_erolcha, uniq_nergalle, uniq_snorg
Temple:   nicolae_temple_elliptical

Skill      XL: |  1  2  3  4  5  6  7  8  9 10 11 |
---------------+----------------------------------+-----
Dodging        | 3 4 6 7 |  7.0
Transmutations | 3 4 6 7 8 |  8.0
Fighting       | 2 3 4 5 6 |  6.4
Poison Magic   | 1 2 4 5 |  5.0
Armour         | 1 2 4 5 |  5.4
Polearms       | 2 3 5 7 8 9 |  9.1
Unarmed Combat | 4 5 6 |  6.0
Spellcasting   | 3 |  3.0
Ice Magic      | 2 3 4 |  4.0
Invocations    | 1 3 |  3.8
Evocations     | 1 3 |  3.4
Hexes          | 1 |  1.2

Action                   |  1- 3 |  4- 6 |  7- 9 | 10-12 || total
-------------------------+-------+-------+-------+-------++-------
Melee: Unarmed           |   129 |    50 |    66 |    22 ||   267
       Headbutt          |    18 |     4 |       |       ||    22
       Punch             |     2 |     2 |     7 |     7 ||    18
       Spear             |       |    79 |   348 |   123 ||   550
       Tailslap          |       |     2 |       |       ||     2
       Trident           |       |       |       |   191 ||   191
 Cast: Beastly Appendage |    19 |     7 |       |       ||    26
       Spider Form       |     1 |     4 |    13 |     2 ||    20
       Sticks to Snakes  |       |       |     6 |     6 ||    12
       Confusing Touch   |       |       |       |     1 ||     1
 Abil: End Transformatio |       |       |     1 |       ||     1
Evoke: Wand              |       |     2 |     6 |     3 ||    11
  Use: Potion            |       |     3 |       |     1 ||     4
       Scroll            |       |     7 |     6 |     7 ||    20
 Stab: Sleeping          |     1 |     1 |     1 |       ||     3
       Distracted        |       |       |     1 |     1 ||     2
       Paralysed         |       |       |       |     3 ||     3
       Confused          |       |       |       |     1 ||     1
  Eat: Chunk             |     4 |     6 |    20 |    10 ||    40
Armor: Robe              |    21 |     6 |    22 |       ||    49
       Skin              |       |     1 |       |       ||     1
       Ring mail         |       |       |     8 |    98 ||   106
       Leather armour    |       |       |     3 |       ||     3
Dodge: Dodged            |    94 |    75 |   224 |   198 ||   591
Block: Other             |       |       |    10 |    39 ||    49

Table legend:
 A = Non-vault XP
 B = Vault XP
 C = Vault XP percentage of total XP
 D = Non-vault monster count
 E = Vault monster count
 F = Vault count percentage of total count
                 A         B        C        D         E       F
            +---------+---------+-------+---------+---------+-------
      Total |    8570 |    1896 |  18.1 |     216 |       6 |   2.7
            +---------+---------+-------+---------+---------+-------
        D:1 |      48 |       0 |   0.0 |      26 |       0 |   0.0
        D:2 |      26 |       0 |   0.0 |      15 |       0 |   0.0
        D:3 |     106 |       0 |   0.0 |      19 |       0 |   0.0
        D:4 |     647 |       0 |   0.0 |      33 |       0 |   0.0
        D:5 |     185 |     436 |  70.2 |      16 |       2 |  11.1
        D:6 |    1245 |     755 |  37.8 |      21 |       2 |   8.7
        D:7 |     584 |     220 |  27.4 |      15 |       1 |   6.2
        D:8 |     470 |     485 |  50.8 |      16 |       1 |   5.9
        D:9 |     425 |       0 |   0.0 |       5 |       0 |   0.0
       D:10 |    3306 |       0 |   0.0 |      29 |       0 |   0.0
       D:11 |    1528 |       0 |   0.0 |      21 |       0 |   0.0
            +---------+---------+-------+---------+---------+-------
